[Event "Titled Tuesday Blitz May 24 Early 2022"]
[White "Pourkashiyan, Atousa"]
[Black "Koutlas, Nikolaos"]
[WhiteFideId "12502014"]
[BlackFideId "25827138"]
[WhiteElo "2247"]
[BlackElo "1645"]
[Result "1/2-1/2"]
[Round "06"]
[TimeControl "180+1"]
[Date "2022.05.25"]
[WhiteClock "0:00:12"]
[BlackClock "0:00:17"]

1. e4 e6 2. d4 d5 3. Nd2 c5 4. exd5 exd5 5. Bb5+ Nc6 6. Ne2 Nf6 7. O-O Be7 8. dxc5 Bxc5 9. Nb3 Bb6 10. Ned4 O-O 11. Bxc6 bxc6 12. Nxc6 Qd6 13. Ncd4 Re8 14. c3 Ba6 15. Re1 Ng4 16. g3 h5 17. Bf4 Qf6 18. Qd2 Bc4 19. Rxe8+ Rxe8 20. Re1 Rxe1+ 21. Qxe1 Bxb3 22. axb3 Bxd4 23. cxd4 Qxd4 24. h3 Nf6 25. Qc3 Qxc3 26. bxc3 Ne4 27. Be5 Nd2 28. Bd4 Nxb3 29. Bxa7 Kf8 30. Kg2 Ke7 31. g4 hxg4 32. hxg4 Nd2 33. f3 Kd6 34. Bd4 g6 35. Kf2 Nc4 36. Ke2 Kc6 37. Kd3 Kb5 38. Bf6 Kc5 39. Be7+ Kc6 40. Bf6 Kd6 41. Bd4 Ne5+ 42. Bxe5+ Kxe5 43. Ke3 g5 44. Ke2 Kd6 45. Kd3 Kc5 46. Kd2 Kc4 47. Kc2 Kc5 48. Kd3 Kd6 49. Kd4 Ke6 50. Kd3 Ke5 51. Ke3 f5 52. gxf5 Kxf5 53. Ke2 Kf4 54. Kf2 Kf5 55. Ke3 Ke5 56. Ke2 Kd6 57. Ke3 Ke5 58. Ke2 Kf6 59. Ke3 Kf5 60. Ke2 Kf4 61. Kf2 Ke5 62. Ke3 Kf5 1/2-1/2


[Site "https://www.chess.com"]

[Event "Titled Tuesday Blitz May 24 Early 2022"]
[White "Preotu, Razvan"]
[Black "Manukian, Artak"]
[WhiteFideId "2613280"]
[BlackFideId "13301373"]
[WhiteElo "2407"]
[BlackElo "2512"]
[Result "0-1"]
[Round "06"]
[TimeControl "180+1"]
[Date "2022.05.25"]
[WhiteClock "0:00:06"]
[BlackClock "0:00:03"]

1. e4 c6 2. Nc3 d5 3. Nf3 dxe4 4. Nxe4 Nf6 5. Qe2 Nxe4 6. Qxe4 Nd7 7. d4 Nf6 8. Qf4 e6 9. Bd3 Nd5 10. Qg3 Qc7 11. c4 Qxg3 12. hxg3 Nf6 13. Bf4 b6 14. Ne5 Bb7 15. O-O-O Bd6 16. Kc2 Ke7 17. f3 Rad8 18. g4 h6 19. Rhe1 Bb4 20. Rh1 Rxd4 21. Be3 Rdd8 22. g5 hxg5 23. Bxg5 Bd6 24. Ng4 c5 25. a3 Bc7 26. Be4 Rxh1 27. Rxh1 Bxe4+ 28. fxe4 Rd4 29. Re1 Rxc4+ 30. Kb3 b5 31. Nf2 Be5 32. Nd3 Bd4 33. e5 a5 34. exf6+ gxf6 35. Be3 a4+ 36. Ka2 e5 37. Bxd4 cxd4 38. Kb1 Ke6 39. g4 Kd5 40. Nf2 Rc6 41. Ne4 d3 42. Nc3+ Kd4 43. Re4+ Kc5 44. Kc1 Rd6 45. Kd2 Rd4 46. Rxd4 exd4 47. Ne4+ Kc4 48. Nxf6 Kb3 49. Ne4 Kxb2 50. Nd6 Kxa3 51. Nxb5+ Kb4 52. Nxd4 Kc4 53. Nf3 f6 54. Ne1 a3 55. Nxd3 a2 56. Nb2+ Kb3 57. Nd3 a1=Q 58. Nc5+ Kc4 59. Ne4 Qd4+ 60. Ke2 Qxe4+ 61. Kf2 Qxg4 0-1


[Site "https://www.chess.com"]

[Event "Titled Tuesday Blitz May 24 Early 2022"]
[White "Prokofiev, Valentyn"]
[Black "Maghsoodloo, Parham"]
[WhiteFideId "14160161"]
[BlackFideId "12539929"]
[WhiteElo "2174"]
[BlackElo "2630"]
[Result "0-1"]
[Round "06"]
[TimeControl "180+1"]
[Date "2022.05.24"]
[WhiteClock "0:00:02"]
[BlackClock "0:02:31"]

1. d4 Nf6 2. c4 e6 3. Nf3 d5 4. e3 Bb4+ 5. Nbd2 O-O 6. a3 Be7 7. b3 Nbd7 8. Bd3 c5 9. O-O cxd4 10. exd4 b6 11. Bb2 Bb7 12. Qe2 Rc8 13. Rac1 Rc7 14. Rfd1 Qa8 15. Bb1 Rfc8 16. h3 dxc4 17. bxc4 Nf8 18. Re1 Ng6 19. d5 exd5 20. Bxg6 hxg6 21. Be5 Rd7 22. cxd5 Nxd5 23. Rxc8+ Qxc8 24. Ne4 Bxa3 25. Nfg5 Re7 26. f4 f6 27. Qa2 Bc5+ 28. Nxc5 Qxc5+ 29. Kh2 fxg5 30. Qa4 Nxf4 0-1


[Site "https://www.chess.com"]

[Event "Titled Tuesday Blitz May 24 Early 2022"]
[White "Provaznik, Michal"]
[Black "Clawitter, Craig"]
[WhiteFideId "315273"]
[BlackFideId "2023105"]
[WhiteElo "2176"]
[BlackElo "2219"]
[Result "1/2-1/2"]
[Round "06"]
[TimeControl "180+1"]
[Date "2022.05.25"]
[WhiteClock "0:00:33"]
[BlackClock "0:00:14"]

1. b3 e5 2. Bb2 Nc6 3. g3 Nf6 4. Bg2 d5 5. e3 Be6 6. Ne2 Qd7 7. O-O Bh3 8. f4 e4 9. d3 h5 10. Bxf6 gxf6 11. dxe4 Bxg2 12. Kxg2 O-O-O 13. exd5 h4 14. Ng1 Bc5 15. Qf3 Nb4 16. Na3 Nxd5 17. Nc4 b5 18. e4 hxg3 19. hxg3 bxc4 20. exd5 Rh6 21. d6 c6 22. Rfe1 Rdh8 23. Re7 Rh2+ 24. Kf1 Qxd6 25. Rd1 Rf2+ 26. Qxf2 Qxd1+ 27. Qe1 Qxe1+ 28. Rxe1 Rh1 29. Kg2 Rxg1+ 30. Rxg1 Bxg1 31. Kxg1 cxb3 32. axb3 Kd7 33. Kf2 Kd6 34. Ke3 Kc5 35. c3 a5 36. Ke4 Kb5 37. Kf5 c5 38. Kxf6 c4 39. bxc4+ Kxc4 40. Kxf7 a4 41. g4 a3 42. g5 a2 43. g6 a1=Q 44. g7 Qa7+ 45. Kg6 Qb6+ 46. Kh7 Qc7 47. Kh8 Qxf4 48. g8=Q+ Kxc3 49. Qg7+ Qd4 1/2-1/2


[Site "https://www.chess.com"]

[Event "Titled Tuesday Blitz May 24 Early 2022"]
[White "Reprintsev, Alexander"]
[Black "Kejzar, Petra"]
[WhiteFideId "14100541"]
[BlackFideId "14610213"]
[WhiteElo "2108"]
[BlackElo "2004"]
[Result "1-0"]
[Round "06"]
[TimeControl "180+1"]
[Date "2022.05.25"]
[WhiteClock "0:01:22"]
[BlackClock "0:00:03"]

1. e4 c5 2. b3 Nc6 3. Bb2 e5 4. f4 exf4 5. Qf3 Bd6 6. Bxg7 Nd4 7. Bxd4 cxd4 8. Ne2 Be5 9. c3 Qh4+ 10. Kd1 dxc3 11. d4 c2+ 12. Kxc2 d5 13. dxe5 Bg4 14. Qxf4 Rc8+ 15. Kb2 Qh5 16. Nec3 d4 17. Bb5+ Kf8 18. Nd5 Be2 19. Bxe2 Qxe2+ 20. Nd2 d3 21. Rac1 Rc2+ 22. Rxc2 dxc2 23. Rf1 f6 24. Nxf6 Ke7 25. Nd5+ Kd7 26. Qf7+ Kc6 27. Qc7+ Kb5 28. a4+ Ka6 29. Nb4# 1-0


[Site "https://www.chess.com"]

[Event "Titled Tuesday Blitz May 24 Early 2022"]
[White "Richter, Nils"]
[Black "Pranav, V"]
[WhiteFideId "12990809"]
[BlackFideId "25060783"]
[WhiteElo "2243"]
[BlackElo "2349"]
[Result "0-1"]
[Round "06"]
[TimeControl "180+1"]
[Date "2022.05.25"]
[WhiteClock "0:00:05"]
[BlackClock "0:01:25"]

1. e4 e5 2. Nf3 Nf6 3. d4 exd4 4. e5 Ne4 5. Qxd4 d5 6. exd6 Nxd6 7. Bd3 Nc6 8. Qf4 Be7 9. O-O O-O 10. Nc3 Be6 11. Re1 h6 12. Be3 Bf6 13. Bc5 Re8 14. Bxd6 cxd6 15. Ne4 Bxb2 16. Rab1 Be5 17. Nxe5 dxe5 18. Qg3 Qe7 19. h4 Bxa2 20. Rb5 a6 21. Rb2 Be6 22. Rb6 Rad8 23. Reb1 Rd7 24. Bxa6 bxa6 25. Rxc6 a5 26. Qxe5 Bd5 27. Nf6+ gxf6 28. Qg3+ Kh8 29. Rcb6 Rg8 30. Rb8 Rdd8 31. Rxd8 Qxd8 32. Qf4 Rxg2+ 33. Kf1 Rg6 34. Rb8 Qxb8 35. Qxb8+ Kg7 36. Qb5 Bg2+ 37. Ke1 Rg4 38. Qxa5 Rxh4 39. Kd2 Rd4+ 40. Ke3 Re4+ 41. Kd2 Re5 42. Qa4 h5 43. c4 h4 44. c5 h3 45. c6 h2 46. Qg4+ Rg5 47. c7 h1=Q 48. c8=Q Rxg4 49. Qxg4+ Kf8 50. Qc8+ Ke7 51. Qc7+ Ke6 52. Qc8+ Ke5 53. Qe8+ Kf5 54. Qd7+ Kg5 55. Qb5+ Bd5 56. Qe8 Qe4 57. Qg8+ Kf5 58. Qg3 Qf4+ 59. Ke2 Qxg3 60. fxg3 Kg4 61. Kf2 f5 0-1


[Site "https://www.chess.com"]

[Event "Titled Tuesday Blitz May 24 Early 2022"]
[White "Riehle, Marco"]
[Black "Barria Zuniga, Daniel"]
[WhiteFideId "12904392"]
[BlackFideId "3400816"]
[WhiteElo "2462"]
[BlackElo "2414"]
[Result "1-0"]
[Round "06"]
[TimeControl "180+1"]
[Date "2022.05.24"]
[WhiteClock "0:00:23"]
[BlackClock "0:00:01"]

1. e4 e6 2. c4 d5 3. cxd5 exd5 4. Qb3 Nf6 5. e5 Ne4 6. Nc3 Nxc3 7. bxc3 Be7 8. d4 O-O 9. Nf3 c5 10. Be2 Nc6 11. O-O c4 12. Qc2 g6 13. Bh6 Re8 14. Nd2 Bf5 15. Qb2 Qb6 16. Qc1 Qa5 17. a4 f6 18. Nf3 fxe5 19. dxe5 Bc5 20. Bf4 Rad8 21. Bg3 a6 22. Rd1 Qb6 23. h4 Na5 24. Qf4 Nb3 25. Ra2 Rf8 26. Qh6 Rf7 27. h5 gxh5 28. Qg5+ Bg6 29. Bxc4 h6 30. Qh4 Rfd7 31. Bd3 Bxd3 32. Rxd3 Nc1 33. Rdd2 Nxa2 34. Rxa2 Qb1+ 35. Kh2 Qxa2 36. e6 Qc4 37. Qxh5 Rg7 38. Bh4 Rf8 39. g3 Qg4 40. Qxd5 Qf5 41. Qc4 Qxf3 42. e7+ Kh7 43. exf8=Q Bxf8 44. Qd4 Rf7 45. Kg1 Qf5 46. Kg2 Bg7 47. Qd2 Qg6 48. a5 Qc6+ 49. Kg1 Qg6 50. Kg2 Bf6 51. Bxf6 Qxf6 52. Qd3+ Qg6 53. Qd2 Qc6+ 54. Kg1 Qf6 55. Kg2 Qf5 56. Kg1 h5 57. Qd4 Kg6 58. Qd6+ Rf6 59. Qd4 Rf7 60. Qd6+ Qf6 61. Qd3+ Kg7 62. Qd2 h4 63. gxh4 Qxh4 64. Kg2 Qg4+ 65. Kf1 Qf5 66. Qd4+ Kg6 67. Qd6+ Qf6 68. Qg3+ Kh7 69. Qh3+ Kg8 70. Qc8+ Kg7 71. Qg4+ Qg6 72. Qd4+ Kg8 73. Qd8+ Kh7 74. Qh4+ Qh6 75. Qd4 Qh1+ 76. Ke2 1-0


[Site "https://www.chess.com"]

[Event "Titled Tuesday Blitz May 24 Early 2022"]
[White "Rodchenkov, Sergey D."]
[Black "Hambleton, Aman"]
[WhiteFideId "4168712"]
[BlackFideId "2606577"]
[WhiteElo "2306"]
[BlackElo "2552"]
[Result "0-1"]
[Round "06"]
[TimeControl "180+1"]
[Date "2022.05.25"]
[WhiteClock "0:01:27"]
[BlackClock "0:00:17"]

1. e4 c6 2. d4 d6 3. Nc3 e5 4. dxe5 dxe5 5. Qxd8+ Kxd8 6. Bc4 f6 7. f4 Nd7 8. Nf3 Bd6 9. g3 b5 10. Bb3 a5 11. a4 b4 12. Ne2 Kc7 13. Be3 Ba6 14. Neg1 Ne7 15. O-O-O Rhd8 16. fxe5 Nxe5 17. Nxe5 Bxe5 18. Rxd8 Rxd8 19. Nf3 Ng6 20. Nxe5 Nxe5 21. Rd1 Rxd1+ 22. Kxd1 Nd7 23. Bg8 h6 24. b3 c5 25. Bd5 Kd6 26. h3 Ne5 27. Bg8 Bc8 28. g4 h5 29. gxh5 Bxh3 30. Ke1 Bg2 31. h6 gxh6 32. Bxh6 Bxe4 33. Kf2 Bxc2 34. Bg7 Ke7 35. Bh6 Nc6 36. Be3 Kd6 37. Bf4+ Kd7 38. Be3 Nd4 39. Ke1 Kd6 40. Bh7 Bxh7 41. Bf4+ Kd5 42. Be3 Bc2 43. Bxd4 Kxd4 44. Kf2 Bxb3 45. Kg3 Bxa4 46. Kh3 c4 47. Kh4 c3 48. Kh5 b3 49. Kg6 b2 50. Kg7 c2 51. Kf7 Kc3 52. Kg7 Bb5 53. Kf7 Bd3 54. Kg7 f5 55. Kf7 a4 56. Kg7 a3 57. Kf7 a2 58. Kg7 Kd4 59. Kf7 Ke5 0-1


[Site "https://www.chess.com"]

[Event "Titled Tuesday Blitz May 24 Early 2022"]
[White "Ronka, Erik"]
[Black "Soumya, Swaminathan"]
[WhiteFideId "505080"]
[BlackFideId "5016193"]
[WhiteElo "2264"]
[BlackElo "2115"]
[Result "1-0"]
[Round "06"]
[TimeControl "180+1"]
[Date "2022.05.25"]
[WhiteClock "0:01:20"]
[BlackClock "0:00:03"]

1. e4 c5 2. Nf3 Nc6 3. d4 cxd4 4. Nxd4 Nf6 5. Nc3 d6 6. Bc4 e6 7. Be3 a6 8. Qe2 Na5 9. Bd3 Qc7 10. g4 b5 11. g5 Nd7 12. O-O Be7 13. f4 Nc5 14. f5 Bb7 15. f6 gxf6 16. gxf6 Rg8+ 17. Kh1 b4 18. fxe7 bxc3 19. Bh6 Qxe7 20. bxc3 Qh4 21. Bf4 O-O-O 22. Rab1 Qh3 23. Rxb7 Naxb7 24. Bxa6 Qxc3 25. Nb5 Qb4 26. Nxd6+ Rxd6 27. Bxd6 Qxe4+ 28. Qxe4 Nxe4 29. Be5 Rg5 30. Bd4 Ra5 31. Bxb7+ Kxb7 32. Rxf7+ Kc6 33. Rxh7 Rxa2 34. c3 Nd2 35. Rf7 Kd5 36. Rf2 Ra1+ 37. Kg2 Ne4 38. Re2 Rc1 39. Re3 Rc2+ 40. Kh3 1-0


[Site "https://www.chess.com"]

[Event "Titled Tuesday Blitz May 24 Early 2022"]
[White "Rustemov, Alexander"]
[Black "Jakubowski, Krzysztof"]
[WhiteFideId "4119002"]
[BlackFideId "1112848"]
[WhiteElo "2817"]
[BlackElo "2365"]
[Result "1-0"]
[Round "06"]
[TimeControl "180+1"]
[Date "2022.05.24"]
[WhiteClock "0:00:33"]
[BlackClock "0:00:01"]

1. d4 Nf6 2. c4 e6 3. Nf3 d5 4. Nc3 Nbd7 5. cxd5 exd5 6. Bg5 Be7 7. e3 O-O 8. Bd3 c6 9. Qc2 Re8 10. h3 Nf8 11. Bf4 Bd6 12. Bxd6 Qxd6 13. O-O-O a5 14. Kb1 g6 15. Rc1 N8d7 16. Na4 Qe6 17. Nc5 Nxc5 18. Qxc5 Kg7 19. Rc2 Ne4 20. Qb6 Nd6 21. Ne5 Qe7 22. g4 f6 23. Nf3 Qd8 24. Qc5 a4 25. a3 Ra5 26. Qb4 Ra7 27. Rg1 Qc7 28. h4 b5 29. g5 Nc4 30. Qc5 f5 31. Bxc4 bxc4 32. Ne5 Ra6 33. f4 Be6 34. h5 Rb8 35. hxg6 hxg6 36. Rh2 Rb5 37. Rgh1 Bg8 38. Rh6 Rxc5 39. Rxg6+ Kf8 40. Rh8 Qa5 41. Rhxg8+ Ke7 42. R6g7+ 1-0


[Site "https://www.chess.com"]

[Event "Titled Tuesday Blitz May 24 Early 2022"]
[White "Sadubayev, Airat"]
[Black "Nilsen, Tobias Lang"]
[WhiteFideId "13713264"]
[BlackFideId "1521624"]
[WhiteElo "2234"]
[BlackElo "2014"]
[Result "1-0"]
[Round "06"]
[TimeControl "180+1"]
[Date "2022.05.25"]
[WhiteClock "0:00:21"]
[BlackClock "0:00:05"]

1. e4 e6 2. d4 d5 3. Nc3 Bb4 4. e5 Ne7 5. Bd3 c5 6. a3 cxd4 7. axb4 dxc3 8. Nf3 Qc7 9. O-O cxb2 10. Bxb2 Nd7 11. Re1 Ng6 12. Rc1 Nb6 13. h4 Bd7 14. g3 a6 15. Ng5 h6 16. Nf3 Ne7 17. Bd4 Bb5 18. Qe2 Nc4 19. Bc5 b6 20. Bxe7 Kxe7 21. Nd4 Qd7 22. h5 Rhc8 23. Qg4 Kf8 24. f4 Nd2 25. Bxb5 axb5 26. f5 Rc4 27. fxe6 Rxd4 28. Qxd4 Nf3+ 29. Kg2 Nxd4 30. exd7 Ne6 31. Red1 d4 32. c3 Ra2+ 33. Kf1 Ke7 34. cxd4 Kxd7 35. d5 Ng5 36. d6 Nf3 37. Rc7+ Kd8 38. Rd5 Nh2+ 39. Ke1 Nf3+ 40. Kd1 Ra1+ 41. Ke2 Ng5 42. Rxb5 Ne6 43. Rc4 Ra2+ 44. Kd1 Ra1+ 45. Kc2 Ra2+ 46. Kb1 Ra6 47. Rd5 Ra4 48. Rd2 Ra8 49. Ra2 Rxa2 50. Kxa2 Kd7 51. Kb3 Ng5 52. Rc7+ Kd8 53. Kc4 Nf3 54. Kd5 Ng5 55. b5 g6 56. hxg6 fxg6 57. e6 Nxe6 58. Kxe6 h5 59. Rh7 Kc8 60. Rh8+ Kb7 61. d7 h4 62. d8=Q 1-0


[Site "https://www.chess.com"]

[Event "Titled Tuesday Blitz May 24 Early 2022"]
[White "Samadov, Read"]
[Black "Hamley, Ryan"]
[WhiteFideId "13417444"]
[BlackFideId "30959497"]
[WhiteElo "2084"]
[BlackElo "2540"]
[Result "1-0"]
[Round "06"]
[TimeControl "180+1"]
[Date "2022.05.25"]
[WhiteClock "0:00:28"]
[BlackClock "0:00:07"]

1. d4 Nf6 2. c4 e6 3. Nf3 d5 4. Nc3 Bb4 5. Bg5 h6 6. Bxf6 Qxf6 7. e3 O-O 8. Rc1 dxc4 9. Bxc4 a6 10. O-O b5 11. Ne4 Qe7 12. Bd3 Bb7 13. a3 Bd6 14. Nc5 Bc8 15. Bb1 Nd7 16. Qc2 g6 17. Rfd1 Nf6 18. Ne5 Bxe5 19. dxe5 Nd5 20. Rd4 Kh7 21. h4 h5 22. Qd1 Kg7 23. Qf3 Rb8 24. Ba2 Nb6 25. Rf4 Nc4 26. Bxc4 Qxc5 27. b4 Qxe5 28. Bd3 Bb7 29. Qg3 Qd6 30. Bb1 Bd5 31. Rc5 e5 32. Rf5 Be6 33. Rfxe5 Qd1+ 34. Kh2 Qxb1 35. Rxe6 fxe6 36. Rxc7+ Rf7 37. Rxf7+ Kxf7 38. Qxb8 Qf5 39. Qf4 Kf6 40. Kg3 e5 41. Qxf5+ Kxf5 42. f3 e4 43. f4 Ke6 44. Kh3 Kd5 45. g4 hxg4+ 46. Kxg4 Kc4 47. f5 gxf5+ 48. Kxf5 Kd3 49. Kf4 Kc3 50. h5 Kb3 51. h6 Kxa3 52. h7 1-0


[Site "https://www.chess.com"]

[Event "Titled Tuesday Blitz May 24 Early 2022"]
[White "Samaganova, Aleksandra"]
[Black "Vusatiuk, Vladimir"]
[WhiteFideId "13800221"]
[BlackFideId "14118610"]
[WhiteElo "1889"]
[BlackElo "2157"]
[Result "1-0"]
[Round "06"]
[TimeControl "180+1"]
[Date "2022.05.25"]
[WhiteClock "0:00:05"]
[BlackClock "0:00:10"]

1. c4 e6 2. Nc3 d5 3. e3 Nf6 4. Nf3 c5 5. d4 Nc6 6. cxd5 exd5 7. Bd3 c4 8. Bb1 Bb4 9. O-O O-O 10. h3 Be6 11. Re1 Re8 12. Bd2 a6 13. Qc2 h6 14. e4 Bxc3 15. bxc3 Nxe4 16. Rxe4 dxe4 17. Qxe4 Kf8 18. Qh7 Qf6 19. Bc1 Ke7 20. Ba3+ Kd7 21. Be4 Rh8 22. Bxc6+ bxc6 23. Qc2 Rhc8 24. Qa4 Bd5 25. Ne5+ Ke6 26. Re1 Kf5 27. Qc2+ Kg5 28. Bc1+ Kh4 29. Qe2 Qf5 30. g3+ Kxh3 31. Qf1+ Bg2 32. Qxg2# 1-0


[Site "https://www.chess.com"]

[Event "Titled Tuesday Blitz May 24 Early 2022"]
[White "Sargsyan, Anna M."]
[Black "Costachi, Mihnea"]
[WhiteFideId "13308130"]
[BlackFideId "1217518"]
[WhiteElo "2271"]
[BlackElo "2476"]
[Result "0-1"]
[Round "06"]
[TimeControl "180+1"]
[Date "2022.05.24"]
[WhiteClock "0:00:55"]
[BlackClock "0:02:02"]

1. e4 e5 2. Nf3 Nf6 3. Nxe5 d6 4. Nf3 Nxe4 5. Nc3 Nxc3 6. dxc3 Be7 7. Bf4 Be6 8. Qd2 Nc6 9. O-O-O Qd7 10. Kb1 h6 11. Bd3 Bf6 12. h3 a6 13. g4 g5 14. Bg3 O-O-O 15. Rhe1 Rdg8 16. Qe2 h5 17. Bxa6 hxg4 18. Bxb7+ Kxb7 19. Qb5+ Kc8 20. Qa6+ Kd8 21. hxg4 Ke7 22. a3 Rb8 23. Qd3 Kf8 24. Rh1 Kg7 25. Nd4 Nxd4 26. cxd4 Bxg4 27. f3 Bf5 28. Qd2 Qb5 29. Qc3 c5 30. Bxd6 cxd4 31. Qb4 Bxc2+ 0-1


[Site "https://www.chess.com"]

[Event "Titled Tuesday Blitz May 24 Early 2022"]
[White "Seemann, Jakub"]
[Black "Yeletsky, Ivan"]
[WhiteFideId "21874697"]
[BlackFideId "24180327"]
[WhiteElo "2003"]
[BlackElo "2319"]
[Result "0-1"]
[Round "06"]
[TimeControl "180+1"]
[Date "2022.05.24"]
[WhiteClock "0:00:14"]
[BlackClock "0:00:09"]

1. e4 e5 2. Nf3 Nf6 3. Nxe5 d6 4. Nf3 Nxe4 5. d4 d5 6. Bd3 Be7 7. O-O Bf5 8. c4 dxc4 9. Bxc4 O-O 10. Nc3 Nc6 11. Bd3 Nxc3 12. bxc3 Bxd3 13. Qxd3 b6 14. Re1 Bf6 15. Bf4 Ne7 16. Ne5 c5 17. Rad1 cxd4 18. cxd4 Nd5 19. Bg3 Rc8 20. Qf5 Nc3 21. Rd2 Qd5 22. h4 Nxa2 23. h5 h6 24. Bf4 Nc3 25. Bxh6 Qe6 26. Qxe6 fxe6 27. Bf4 Nd5 28. Bg3 a5 29. Rb1 a4 30. Nd7 Rf7 31. Nxb6 Rb7 32. Nxc8 Rxb1+ 33. Kh2 Nc3 34. Bd6 Ne4 35. Ra2 Bxd4 36. g3 Nc3 37. Ra3 Rb3 38. Rxb3 axb3 39. Ba3 Nb5 40. Bc1 Bxf2 41. Kg2 Bd4 42. Ne7+ Kf7 43. Ng6 b2 44. Bxb2 Bxb2 45. Kf3 Bf6 46. g4 Nd4+ 47. Ke4 Nc6 48. Nf4 Ne5 49. g5 Bxg5 50. Kxe5 Bxf4+ 51. Kxf4 Kf6 52. Kg4 e5 53. Kg3 Kg5 54. Kf3 Kxh5 55. Ke4 Kh6 56. Kxe5 g5 57. Ke4 Kh5 58. Kf3 Kh4 59. Kf2 Kh3 60. Kg1 Kg3 61. Kh1 g4 62. Kg1 Kh3 63. Kh1 g3 64. Kg1 g2 65. Kf2 Kh2 66. Ke3 g1=Q+ 67. Ke4 Qg2+ 68. Ke5 Kg1 0-1


[Site "https://www.chess.com"]

[Event "Titled Tuesday Blitz May 24 Early 2022"]
[White "Seo, Jung Min"]
[Black "Vidit, Santosh Gujrathi"]
[WhiteFideId "1734687"]
[BlackFideId "5029465"]
[WhiteElo "2401"]
[BlackElo "2654"]
[Result "1-0"]
[Round "06"]
[TimeControl "180+1"]
[Date "2022.05.24"]
[WhiteClock "0:00:39"]
[BlackClock "0:00:03"]

1. d4 e6 2. c4 b6 3. e4 Bb7 4. Bd3 g6 5. Nf3 Bg7 6. O-O Ne7 7. Nc3 d6 8. Qe2 O-O 9. Rb1 Nbc6 10. d5 Nb4 11. a3 Nxd3 12. Qxd3 Qd7 13. b4 Ba6 14. Rd1 Rad8 15. h3 Rfe8 16. Nd4 Bb7 17. Bg5 h6 18. Be3 c6 19. dxc6 Bxc6 20. Nxc6 Nxc6 21. Ne2 Ne5 22. Qb3 Qc6 23. Rbc1 Qxe4 24. Nd4 a6 25. Ne2 b5 26. cxb5 axb5 27. Rc7 Nc4 28. Nc3 Qf5 29. Bd4 Bxd4 30. Rxd4 Rc8 31. Rxc8 Rxc8 32. a4 bxa4 33. Nxa4 d5 34. b5 Qe5 35. Rd1 Qe2 36. Rc1 Rb8 37. b6 Rb7 38. Qb5 Qe5 39. Qc6 Qb8 40. Rb1 h5 41. h4 Ne5 42. Qb5 Nc4 43. Qc6 Kg7 44. g3 Ne5 45. Qb5 Qc8 46. Nc5 Nf3+ 47. Kg2 Nd4 48. Qb4 e5 49. Nxb7 Qxb7 50. Qd6 Nc6 51. Qxd5 1-0


[Site "https://www.chess.com"]

[Event "Titled Tuesday Blitz May 24 Early 2022"]
[White "Shevtchenko, Olesya"]
[Black "Redzisz, Michal"]
[WhiteFideId "24131890"]
[BlackFideId "21816107"]
[WhiteElo "2003"]
[BlackElo "2004"]
[Result "0-1"]
[Round "06"]
[TimeControl "180+1"]
[Date "2022.05.25"]
[WhiteClock "0:00:13"]
[BlackClock "0:00:08"]

1. c4 e5 2. Nc3 d6 3. Nf3 f5 4. g3 Nf6 5. d4 e4 6. Nh4 Be7 7. Bh3 g6 8. f3 O-O 9. O-O c6 10. d5 Nbd7 11. fxe4 fxe4 12. Bh6 Qb6+ 13. Kh1 Qxb2 14. Bxf8 Nxf8 15. Bxc8 Rxc8 16. Qc1 Qb4 17. Rb1 Qxc4 18. Rxb7 N8d7 19. Qb2 cxd5 20. Nb5 a6 21. Nxd6 Bxd6 22. Rxf6 Qc1+ 23. Qxc1 Rxc1+ 24. Kg2 Nxf6 25. Rb6 Be5 26. Rxa6 Ng4 27. h3 Ne3+ 28. Kf2 Bd4 29. Ra8+ Kg7 0-1


[Site "https://www.chess.com"]

[Event "Titled Tuesday Blitz May 24 Early 2022"]
[White "Shton, Roman"]
[Black "Lohani, Sujana"]
[WhiteFideId "14137461"]
[BlackFideId "12311987"]
[WhiteElo "2013"]
[BlackElo "1691"]
[Result "1-0"]
[Round "06"]
[TimeControl "180+1"]
[Date "2022.05.25"]
[WhiteClock "0:00:51"]
[BlackClock "0:01:03"]

1. d4 Nf6 2. Nf3 e6 3. g3 d5 4. Bg2 Be7 5. O-O O-O 6. c4 b6 7. Nc3 Bb7 8. cxd5 Nxd5 9. Qc2 c5 10. dxc5 Bxc5 11. Rd1 Qc7 12. Bf4 Nxf4 13. gxf4 Qxf4 14. h4 Nc6 15. e3 Qf6 16. Rd7 Nb4 17. Qe2 Bxf3 18. Bxf3 Rad8 19. Rxa7 Qxh4 20. a3 Nd3 21. Ra4 Qg5+ 22. Rg4 Qf6 23. Ne4 Qxb2 24. Qxb2 Nxb2 25. Kg2 Nd3 26. Rh1 Ne5 27. Nf6+ 1-0


[Site "https://www.chess.com"]

[Event "Titled Tuesday Blitz May 24 Early 2022"]
[White "Shtyka, Sergey"]
[Black "Tarigan, Gilbert Elroy"]
[WhiteFideId "4138465"]
[BlackFideId "7108133"]
[WhiteElo "2014"]
[BlackElo "1908"]
[Result "0-1"]
[Round "06"]
[TimeControl "180+1"]
[Date "2022.05.25"]
[WhiteClock "0:00:04"]
[BlackClock "0:00:07"]

1. e4 e6 2. Nf3 d5 3. e5 b6 4. d4 Ba6 5. Bxa6 Nxa6 6. c4 Nb4 7. a3 Nc6 8. Qa4 Ne7 9. cxd5 Qxd5 10. Nc3 Qd7 11. Bg5 h6 12. Bh4 Nf5 13. O-O-O Nce7 14. Qxd7+ Kxd7 15. Bxe7 Nxe7 16. d5 exd5 17. Nxd5 Nxd5 18. Rxd5+ Ke6 19. Rhd1 Bc5 20. R5d2 a5 21. Nd4+ Kxe5 22. Nc6+ Kf6 23. Rd7 Bd6 24. Nd4 Rad8 25. Rxd8 Rxd8 26. g3 Be5 27. Nb5 Bxb2+ 28. Kc2 Rxd1 29. Kxd1 c6 30. Na7 Bxa3 31. Nxc6 Bc5 32. f4 Ke6 33. Kc2 f6 34. Kb3 Kd7 35. Na7 h5 36. Nb5 Kc6 37. Nc3 Bg1 38. h3 b5 39. g4 hxg4 40. hxg4 a4+ 41. Kb4 Bc5+ 42. Ka5 a3 43. Na2 g6 44. f5 g5 45. Ka6 b4 46. Ka5 b3 47. Nc3 a2 48. Na4 a1=Q 49. Ka6 Qxa4# 0-1


[Site "https://www.chess.com"]

[Event "Titled Tuesday Blitz May 24 Early 2022"]
[White "Shuvalov, Evgenij"]
[Black "Itkis, Boris"]
[WhiteFideId "4187237"]
[BlackFideId "1209167"]
[WhiteElo "2053"]
[BlackElo "2207"]
[Result "1/2-1/2"]
[Round "06"]
[TimeControl "180+1"]
[Date "2022.05.25"]
[WhiteClock "0:01:18"]
[BlackClock "0:00:42"]

1. Nf3 Nf6 2. c4 Nc6 3. d4 e6 4. g3 Bb4+ 5. Bd2 Qe7 6. Bg2 O-O 7. O-O Bxd2 8. Nbxd2 d6 9. e4 e5 10. d5 Nb8 11. Ne1 a5 12. Nd3 Nbd7 13. Rc1 b6 14. b3 Nc5 15. Nb2 Ne8 16. a3 f5 17. exf5 Bxf5 18. b4 axb4 19. axb4 Nd3 20. Nxd3 Bxd3 21. Re1 Qf6 22. Qf3 Qxf3 23. Nxf3 Ra4 24. Re3 Bg6 25. b5 Nf6 26. Ng5 Ng4 27. Rf3 Rxf3 28. Bxf3 Nf6 29. Ne6 Bd3 30. Nxc7 Rxc4 31. Rxc4 Bxc4 32. Na8 Bxd5 33. Bxd5+ Nxd5 34. Kf1 Kf7 35. Ke2 Ke6 36. Kd3 g5 37. h3 Kd7 38. Kc4 Ke6 39. Kd3 Kd7 40. Kc4 Ke6 41. Kd3 1/2-1/2


[Site "https://www.chess.com"]

[Event "Titled Tuesday Blitz May 24 Early 2022"]
[White "Silvestre, Christian"]
[Black "Lopez, Henry"]
[WhiteFideId "30956269"]
[BlackFideId "5203830"]
[WhiteElo "2285"]
[BlackElo "2177"]
[Result "1/2-1/2"]
[Round "06"]
[TimeControl "180+1"]
[Date "2022.05.25"]
[WhiteClock "0:01:27"]
[BlackClock "0:01:51"]

1. c4 Nf6 2. Nc3 b6 3. Nf3 c5 4. e3 Bb7 5. Be2 e6 6. b3 Be7 7. Bb2 d6 8. O-O O-O 9. d4 a6 10. Rc1 Nbd7 11. Rc2 Rc8 12. Qa1 h6 13. Rd1 Re8 14. dxc5 bxc5 15. Rcd2 Qc7 16. Ne1 Bf8 17. f3 d5 18. Nc2 Qb8 19. Na4 Qc7 20. Bc3 Bd6 21. g3 Bxg3 22. hxg3 Qxg3+ 23. Kf1 Qh3+ 24. Kf2 Qh2+ 25. Kf1 Qh1+ 26. Kf2 Qh2+ 27. Ke1 Qg3+ 28. Kf1 Qh3+ 29. Ke1 Qh4+ 30. Kf1 Qh1+ 31. Kf2 Qh2+ 1/2-1/2


[Site "https://www.chess.com"]